 Dungeon Crawl Stone Soup version 0.16.0-17-g811c1d7 (webtiles) character file.

185 Chiseanne the Magician (level 5, -1/39 HPs)
             Began as a Demonspawn Wanderer on Mar 20, 2015.
             Slain by an orc
             ... wielding a +0 falchion
              (6 damage)
             ... on level 3 of the Dungeon.
             The game lasted 00:06:08 (1697 turns).

Chiseanne the Magician (Demonspawn Wanderer)        Turns: 1697, Time: 00:06:09

Health: -1/39      AC:  3    Str: 17    XL:     5   Next: 37%
Magic:  13/13      EV: 10    Int:  4    God:
Gold:   135        SH:  4    Dex: 12    Spells: 2 memorised, 8 levels left

rFire  . . .     SeeInvis +     a - +2 hand crossbow
rCold  . . .     Clarity  .     u - +0 leather armour
rNeg   . . .     SustAb   .     m - +1 buckler
rPois  .         Gourm    .     (no helmet)
rElec  .         Spirit   .     (no cloak)
rCorr  .         Warding  .     (no gloves)
rMut   .         Stasis   .     (no boots)
MR     .....                    (no amulet)
Stlth  +.........               l - ring of see invisible
                                n - -6 ring of intelligence (curse)

@: lethally poisoned (-1 -> -11), not resistant to hostile enchantments, very
unstealthy
A: powered by death 2
a: no special abilities


You were on level 3 of the Dungeon.
You were not hungry.

You visited 1 branch of the dungeon, and saw 3 of its levels.

You collected 135 gold pieces.

Inventory:

Hand weapons
 a - a +2 hand crossbow (weapon)
 v - a +0 short sword
Missiles
 e - 18 bolts (quivered)
Armour
 m - a +1 buckler (worn)
 u - a +0 leather armour (worn)
Jewellery
 l - a ring of see invisible (right hand)
 n - a cursed -6 ring of intelligence (left hand)
Scrolls
 g - a scroll of enchant armour
 h - 2 scrolls of teleportation
 q - 2 scrolls of identify
 s - a scroll of recharging {unknown}
 t - a scroll of fear
Potions
 b - a potion of curing
 d - a potion of restore abilities {unknown}
 i - a potion of resistance {unknown}
 j - a potion of heal wounds
 o - 2 potions of haste {unknown}
 p - a potion of brilliance {unknown}
Books
 c - the Papyrus of Snow

   Spells                             Type                      Level
   a - Freeze                         Ice                          1
   b - Ozocubu's Armour               Charms/Ice                   3
Comestibles
 f - 3 bread rations
 k - a meat ration
 r - a slice of pizza


   Skills:
 - Level 2.3 Fighting
 * Level 2.1 Crossbows
 * Level 0.8 Dodging
 * Level 1.2 Shields
 * Level 4.4 Spellcasting
 * Level 2.4 Ice Magic
   Level 2.0 Evocations


You had 8 spell levels left.
You knew the following spells:

 Your Spells              Type           Power        Failure   Level  Hunger
a - Freeze                Ice            #...         24%         1    ##.....
b - Ozocubu's Armour      Chrm/Ice       #.......     95%         3    ####...


Dungeon Overview and Level Annotations

Branches:
Dungeon (3/15)

Altars:
Zin
The Shining One


Innate Abilities, Weirdness & Mutations

You can steal the life force of defeated enemies.


Message History

The adder poisons you!
You feel sick. The kobold hits you with a dagger. The adder bites you.
* * * LOW HITPOINT WARNING * * *
You are lethally poisoned!
The adder poisons you! You block the orc's attack.
Firing (i - inventory):
e - 19 bolts (quivered)
Press: ? - help, Shift-Dir - straight line, f/p - adder
Aim: an adder (heavily wounded)
You shoot a bolt. The bolt hits the adder.
The adder is heavily wounded.
* * * LOW HITPOINT WARNING * * *
You feel sick. The adder closely misses you.
The kobold hits you but does no damage. You block the kobold's attack.
You block the orc's attack. The adder barely misses you.
The kobold hits you with a dagger.
* * * LOW HITPOINT WARNING * * *
* * * LOW HITPOINT WARNING * * *
You feel sick. The kobold closely misses you. You block the adder's attack.
The orc hits you with a falchion.
You die...

# ? .. #.. .... #. #..
..... .. .###.. ......
#.. ...(... ....... ....
....[.. ....... .....
....... ....... ......
.......S#o....... .?.....
.......K@K..# ........
.........................
#.......................
........................
........................
....###...............#
.....###................
......%...##.............
...........# ......##...


You could see an adder, an orc and 2 kobolds.

Vanquished Creatures
  An iguana (D:3)
  Ijyb (D:3)
  Jessica (D:2)
  4 adders
  2 worms
  A giant mite (D:2)
  3 giant geckos
  An ooze (D:1)
  An orc (D:3)
  2 ball pythons
  6 bats
  3 giant cockroaches
  9 hobgoblins
  A quokka (D:3)
  7 giant newts
  5 goblins
  6 kobolds
  10 rats
64 creatures vanquished.

Notes
Turn   | Place    | Note
--------------------------------------------------------------
     0 | D:1      | Chiseanne, the Demonspawn Wanderer, began the quest for the Orb.
     0 | D:1      | Chiseanne set off with: a +2 hand crossbow, a potion of curing, the Papyrus of Snow, a +0 robe, 27 bolts, a bread ration
     0 | D:1      | Reached XP level 1. HP: 16/16 MP: 4/4
     0 | D:1      | Identified the Papyrus of Snow
     2 | D:1      | Learned a level 1 spell: Freeze
   188 | D:1      | Gained mutation: You can steal the life force of nearby defeated enemies. [demonic ancestry]
   188 | D:1      | Reached XP level 2. HP: 22/22 MP: 6/6
   433 | D:1      | Gained mutation: You can steal the life force of defeated enemies. [demonic ancestry]
   433 | D:1      | Reached XP level 3. HP: 27/27 MP: 8/8
   518 | D:1      | Learned a level 3 spell: Ozocubu's Armour
   643 | D:2      | Noticed Jessica
   644 | D:2      | Killed Jessica
   741 | D:2      | Found a glowing golden altar of the Shining One.
   798 | D:2      | Reached skill level 4 in Spellcasting
   839 | D:2      | Reached XP level 4. HP: 25/34 MP: 11/11
  1002 | D:2      | Reached skill level 1 in Shields
  1420 | D:3      | Found a glowing silver altar of Zin.
  1487 | D:3      | Noticed Ijyb
  1500 | D:3      | Reached XP level 5. HP: 9/39 MP: 13/13
  1520 | D:3      | Killed Ijyb
  1697 | D:3      | Slain by an orc

Action                   |  1- 3 |  4- 6 || total
-------------------------+-------+-------++-------
 Fire: Hand crossbow     |    76 |    85 ||   161
  Use: Scroll            |     7 |       ||     7
  Eat: Chunk             |       |     2 ||     2
